 Dungeon Crawl Stone Soup version 0.28-a0-1518-gbe868bca14 (webtiles) character file.

Game seed: 11939358866691648944

12 Essalna the Sneak (level 2, -30/25 HPs)
             Began as a Djinni Delver on Jan 17, 2022.
             Was an Initiate of Hepliaklqana.
             Annihilated by a cyclops (33 damage)
             ... on level 9 of the Dungeon.
             The game lasted 00:02:25 (724 turns).

Essalna the Sneak (Djinni Delver)                    Turns: 724, Time: 00:02:26

Health: -30/25     AC:  3    Str: 11    XL:     2   Next: 45%
Gold:   38         EV: 12    Int: 11    God:    Hepliaklqana [......] SH:  0 Dex: 14

rFire   + + .      SeeInvis .   a - +0 falchion
rCold   x . .      Faith    .   (no shield)
rNeg    . . .      Spirit   .   b - +0 leather armour
rPois   ∞          Reflect  .   (no helmet)
rElec   .          Harm     .   (no cloak)
rCorr   .          Rampage  .   (no gloves)
Will    .....                   (boots unavailable)
Stlth   ++........              (no amulet)
HPRegen 0.08/turn               (no ring)
MPRegen 0.00/turn               (no ring)

@: flying
A: sickness immunity, fire resistance 2, cold vulnerability 1, float, innate
caster, hp casting, extra vitality 1
a: Renounce Religion


You were on level 9 of the Dungeon.
You worshipped Hepliaklqana.
Hepliaklqana was noncommittal.
You visited 1 branch of the dungeon, and saw 6 of its levels.

You collected 38 gold pieces.

Inventory:

Hand Weapons
 a - a +0 falchion (weapon)
Armour
 b - a +0 leather armour (worn)
Magical Staves
 h - a staff of poison
Wands
 g - a wand of digging (3)
Scrolls
 c - a scroll of fog
 d - a scroll of magic mapping
 e - a scroll of fear
Potions
 f - 2 potions of haste
 i - a potion of ambrosia {unknown}
 j - a potion of degeneration {unknown}


   Skills:
 - Level 3.0 Fighting
 - Level 1.7 Long Blades
 - Level 2.1 Dodging
 - Level 4.1 Stealth
 + Level 1.3 Spellcasting


You had 3 spell levels left.
You didn't know any spells.
Your spell library was empty.

Dungeon Overview and Level Annotations

Branches:
Dungeon (9/15)
 Temple: D:4-7         Lair: D:8-11         Orc: D:9-12

Altars:
Dithmenos
Gozag
Hepliaklqana
Qazlal
Uskayaw
Vehumet
Zin
The Shining One


Innate Abilities, Weirdness & Mutations

You are immune to sickness and miasma.
You are immune to poison.
Your flesh is very heat resistant. (rF++)
You are vulnerable to cold. (rC-)
You float through the air rather than walking.
You learn spells naturally, not from books.
Your magical power is your life essence.
You have superior vitality. (+4 MHP)


Message History

The puff of flame hits you. You resist.
There is a stone staircase leading down here.
You fly downwards.
Reactivating autopickup.
There is a stone staircase leading up here.
Found 13 gold pieces.
HP restored.
Found a stone staircase leading down.
Found a stone staircase leading down.
You now have 28 gold pieces (gained 13).
You now have 38 gold pieces (gained 10).
A hornet comes into view.
Found an opulent altar of Gozag.
A cyclops comes into view.
The cyclops shouts!
Found a hazy altar of Hepliaklqana.
Found three altars.
Found a glowing silver altar of Zin.
Found a stormy altar of Qazlal.
Found a hide-covered altar of Uskayaw.
A cyclops is nearby!
The cyclops throws a large rock.
The large rock hits you!
There is a hazy altar of Hepliaklqana here.
You hover solemnly before the altar of Hepliaklqana.
Hepliaklqana welcomes you!
A cyclops is nearby!
The cyclops hits you but does no damage.
You are too injured to fight recklessly!
You are too injured to fight recklessly!
You are too injured to fight recklessly!
You hit the cyclops but do no damage. The cyclops hits you!
Ouch! That really hurt!
* * * LOW HITPOINT WARNING * * *
You hit the cyclops.
The cyclops is lightly wounded.
You completely miss the cyclops.
The cyclops is lightly wounded.
The cyclops hits you!!
Ouch! That really hurt!
You die...

###### ##__._##
#_....8# ###..###
#_...._# ###..###
#># #......# #.##.
###..### #...
#_@....# #..# ##.#.
###C.### #..# #..#.
#....._# .. ###..##
#.#.. ##8..8## ..
#.....###....#
##..## ..
........>....###..##
#. .
...#....###..##...#
.# .. ......###
#......####.# ...
....#..##
##..........# ....


You could see a cyclops.

Vanquished Creatures
  A hound skeleton (D:4)
1 creature vanquished.

Vanquished Creatures (others)
  4 fungi (D:8)
  22 plants (D:8)
26 creatures vanquished.

Grand Total: 27 creatures vanquished

Notes
Turn   | Place    | Note
-------+----------+-------------------------------------------
     0 | D:5      | Essalna the Djinni Delver began the quest for the Orb.
     0 | D:5      | Reached XP level 1. HP: 20/20 MP: 0/0
     9 | D:5      | Noticed an ogre
    32 | D:6      | Noticed a black bear
   151 | D:4      | Reached skill level 1 in Spellcasting
   151 | D:4      | Reached XP level 2. HP: 12/25 MP: 0/0
   309 | D:4      | You are sucked into a shaft and drop 3 floors!
   309 | D:7      | Noticed a centaur
   317 | D:7      | Noticed a centaur
   388 | D:8      | Noticed a wolf
   443 | D:8      | Noticed an orc warrior
   451 | D:8      | Noticed a deep elf pyromancer
   459 | D:8      | Noticed a killer bee
   459 | D:8      | Noticed a killer bee
   460 | D:8      | Noticed a killer bee
   637 | D:9      | Noticed a hornet
   670 | D:9      | Found an opulent altar of Gozag.
   690 | D:9      | Noticed a cyclops
   704 | D:9      | Found a hazy altar of Hepliaklqana.
   705 | D:9      | Found a shadowy altar of Dithmenos.
   705 | D:9      | Found a glowing golden altar of the Shining One.
   707 | D:9      | Found a glowing silver altar of Zin.
   708 | D:9      | Found a stormy altar of Qazlal.
   710 | D:9      | Found a hide-covered altar of Uskayaw.
   717 | D:9      | Became a worshipper of Hepliaklqana the Forgotten
   724 | D:9      | Annihilated by a cyclops

Illustrated notes

Levels and vault maps discovered:
D:4:      layout_loops_ring, grunt_ministairs_8
D:5:      layout_basic, trog_hazing_becter,
          minmay_temple_entry_drinking_statues, portal_sewer_entry_b
D:6:      layout_loops_ring, uniq_maggie
D:7:      layout_loops_ring, chequers_ossuary_entry_cave,
          kb_lookout_dungeons_type, kennysheep_doodads
D:8:      layout_loops_ring, minmay_lair_entry_grove, hangedman_incinerator,
          uniq_pikel
D:9:      layout_layer_cave, minitemple, grunt_decor_fettered, uniq_harold

Skill      XL: |  1 |
---------------+----+-----
Spellcasting   | 1 |  1.3
Fighting       | |  3.0
Long Blades    | |  1.7
Dodging        | |  2.1
Stealth        | |  4.1

Action                   || total
-------------------------++-------
Melee: Falchion          ||     9
 Stab: Sleeping          ||     1
Armor: Leather armour    ||     7
Dodge: Dodged            ||    13

Table legend: (Time is in decaauts)
 A = Elapsed time spent in this place.
 B = Non-inter-level travel time spent in this place.
 C = Inter-level travel time spent in this place.
 D = Time resting spent in this place.
 E = Time spent auto-exploring this place.
 F = Levels seen in this place.
 G = Mean time per level.
                   A        B        C        D        E       F      G
               +--------+--------+--------+--------+--------+-----+--------+
         Total |    725 |    651 |     74 |     94 |    340 |   6 |  120.8 |
       Dungeon |    725 |    651 |     74 |     94 |    340 |   6 |  120.8 |
               +--------+--------+--------+--------+--------+-----+--------+

Top non-repeatable levels by time:
     D:9: 251 daAuts
     D:4: 173 daAuts
     D:8: 153 daAuts
     D:6: 80 daAuts
     D:5: 55 daAuts
     D:7: 9 daAuts
